 Dungeon Crawl Stone Soup version 0.25.0-45-g978344163c (webtiles) character file.

Game seed: 15265223106781988271

598 Rediskos the Chopper (level 7, -5/62 HPs)
             Began as a Hill Orc Fighter on June 30, 2020.
             Was a Follower of Okawaru.
             Slain by an ogre
             ... wielding a +0 giant spiked club
              (27 damage)
             ... on level 3 of the Dungeon on July 11, 2020.
             The game lasted 00:11:03 (3518 turns).

Rediskos the Chopper (Hill Orc Fighter)             Turns: 3518, Time: 00:11:03

Health: -5/62      AC:  9    Str: 20    XL:     7   Next: 40%
Magic:  6/8        EV: 11    Int:  8    God:    Okawaru [*.....]
Gold:   94         SH: 12    Dex: 11    Spells: 6/6 levels left

rFire    . . .     SeeInvis .   a - +0 war axe
rCold    . . .     Gourm    .   c - +0 kite shield
rNeg     . . .     Faith    .   b - +0 scale mail
rPois    .         Spirit   .   (no helmet)
rElec    .         Reflect  .   (no cloak)
rCorr    .         Harm     .   j - +0 pair of gloves
MR       .....                  (no boots)
Stlth    +.........             (no amulet)
HPRegen  0.20/turn              (no ring)
MPRegen  0.11/turn              (no ring)

@: heroism
A: no striking features
a: Heroism, Renounce Religion


You were on level 3 of the Dungeon.
You worshipped Okawaru.
Okawaru was aware of your devotion.
You were hungry.

You visited 1 branch of the dungeon, and saw 4 of its levels.

You collected 94 gold pieces.

Inventory:

Hand Weapons
 a - a +0 war axe (weapon)
Armour
 b - a +0 scale mail (worn)
 c - a +0 kite shield (worn)
 j - a +0 pair of gloves (worn)
Scrolls
 h - 2 scrolls of teleportation
 i - 2 scrolls of identify
 k - 4 scrolls of remove curse
 l - 3 scrolls of fog
Potions
 d - a potion of might
 e - 2 potions of curing
 n - a potion of heal wounds
 o - a potion of lignification
Comestibles
 f - 8 rations
 g - 6 chunks of flesh


   Skills:
 + Level 5.7(10.7) Fighting
 * Level 7.3(12.3) Axes
 - Level 3.2(8.2) Armour
 + Level 5.2(10.2) Shields
 + Level 2.6 Invocations


You had 6 spell levels left.
You didn't know any spells.
Your spell library was empty.

Dungeon Overview and Level Annotations

Branches:
Dungeon (4/15)
 Temple: D:4-7

Altars:
Elyvilon
Okawaru
Qazlal
Ru
Sif Muna
Vehumet
Xom
Zin

Annotations:
D:3 3 runed translucent doors, kalagan's ghost, amateur GrFi


Message History

Found 9 stones.
A worker ant comes into view.
You are no longer glowing.
The quokka bites the plant but does no damage.
There is a stone staircase leading up here.
You barely miss the ogre.
The ogre hits you with a +0 giant spiked club!
You closely miss the ogre.
The ogre hits you with a +0 giant spiked club!
You slash the ogre!
The ogre is heavily wounded.
You block the ogre's attack.
You climb upwards.
Level annotation: 3 runed translucent doors, kalagan's ghost, amateur GrFi
There is a stone staircase leading down here.
Okay, then.
Okay, then.
You gain the combat prowess of a mighty hero.
The ogre hits you with a +0 giant spiked club!!
You die...

########...........#....########
### #...#.......#.......#....#
##.####...#.....##........#.)..#
..........................#....#
##.............####.......#....#
#.....#...#....###.............#
..#............................#
####.#...#.....##........<.....#
#............>.O@.........####.##
#.##.##........####.......# #...
..##..#..#.##..#####...#### ####.
#####.#..#....###.......### #....
#.#>.####.###.#####...###.##.
#....# #..##.# ###.....###
#....## #.....# ###.#....
#.....###..#### #...##...
############...# #####......##


You could see an ogre.

Vanquished Creatures
  An ogre (D:4)
  A scorpion (D:4)
  A water moccasin skeleton (D:4)
  2 howler monkeys
  A hound (D:4)
  A gnoll shaman (D:4)
  13 gnolls (D:4)
  8 adders
  4 worms
  3 dart slugs
  3 leopard geckos
  2 orcs (D:4)
  2 ball pythons (D:2)
  9 bats
  3 giant cockroaches
  8 goblins
  8 hobgoblins
  3 jackals
  A quokka (D:2)
  2 frilled lizards (D:2)
  4 kobolds
  2 rats
82 creatures vanquished.

Notes
Turn   | Place    | Note
-------+----------+-------------------------------------------
     0 | D:1      | Rediskos the Hill Orc Fighter began the quest for the Orb.
     0 | D:1      | Reached XP level 1. HP: 19/19 MP: 1/1
    89 | D:1      | Reached skill level 3 in Axes
   107 | D:1      | Reached XP level 2. HP: 27/27 MP: 2/2
   718 | D:2      | Reached XP level 3. HP: 30/33 MP: 3/3
   831 | D:2      | Reached skill level 4 in Axes
   879 | D:2      | Reached XP level 4. HP: 28/40 MP: 4/4
  1335 | D:3      | Reached skill level 5 in Axes
  1335 | D:3      | Reached XP level 5. HP: 36/47 MP: 5/5
  1699 | D:3      | Found a glowing silver altar of Zin.
  1700 | D:3      | Found a white marble altar of Elyvilon.
  1701 | D:3      | Found a shimmering blue altar of Sif Muna.
  1701 | D:3      | Found a radiant altar of Vehumet.
  1701 | D:3      | Found a sacrificial altar of Ru.
  1702 | D:3      | Found an iron altar of Okawaru.
  1702 | D:3      | Found a shimmering altar of Xom.
  1713 | D:3      | Became a worshipper of Warmaster Okawaru
  1905 | D:3      | Found a stormy altar of Qazlal.
  1907 | D:3      | Found a runed translucent gate.
  1907 | D:3      | Found a runed translucent gate.
  1908 | D:3      | Found a runed translucent gate.
  1940 | D:3      | Noticed kalagan's ghost (amateur GrFi)
  2384 | D:4      | Reached skill level 5 in Fighting
  2384 | D:4      | Reached XP level 6. HP: 38/56 MP: 6/6
  2579 | D:4      | Upgraded the game from 0.25.0-17-g773c8c6189 to
                  | 0.25.0-45-g978344163c
  2603 | D:4      | Reached skill level 6 in Axes
  2718 | D:4      | Reached skill level 1 in Invocations
  3079 | D:4      | Reached * piety under Okawaru
  3079 | D:4      | Reached skill level 5 in Shields
  3079 | D:4      | Reached XP level 7. HP: 45/61 MP: 8/8
  3180 | D:4      | Reached skill level 7 in Axes
  3518 | D:3      | Slain by an ogre

Illustrated notes

Levels and vault maps discovered:
D:1:      evilmike_arrival_plus, layout_basic
D:2:      layout_rooms, first_ration, minmay_heptomino_d4
D:3:      layout_rooms, grunt_temple_overflow_open, gammafunk_ghost_necromancy,
          serial_bayou_pond_d, lemuel_altar_in_water
D:4:      lemuel_castle_with_subvaults [lemuel_castle_interior_carwin_1],
          layout_basic, kennysheep_mini, minmay_temple_entry_arrows

Skill      XL: |  1  2  3  4  5  6  7 |
---------------+----------------------+-----
Axes           | 3 4 5 6 7 |  7.3
Fighting       | 4 5 |  5.7
Shields        | 4 5 |  5.2
Invocations    | 2 |  2.6
Armour         | |  3.2

Action                   |  1- 3 |  4- 6 |  7- 9 || total
-------------------------+-------+-------+-------++-------
Melee: War axe           |    80 |   154 |    58 ||   292
Invok: Heroism           |       |       |     1 ||     1
  Use: Scroll            |       |     8 |       ||     8
  Eat: Chunk             |       |     7 |     1 ||     8
Armor: Scale mail        |    39 |    77 |    16 ||   132
Dodge: Dodged            |    23 |    44 |    17 ||    84
Block: Kite shield       |    37 |    81 |    38 ||   156
